 Dungeon Crawl Stone Soup version 0.19.1 (webtiles) character file.

3369 Politician the Grappler (level 9, -2/64 HPs)
             Began as a Demonspawn Wanderer on Nov 29, 2016.
             Was a Follower of Qazlal.
             Slain by a killer bee (5 damage)
             ... on level 6 of the Dungeon.
             The game lasted 00:16:11 (8856 turns).

Politician the Grappler (Demonspawn Wanderer)       Turns: 8856, Time: 00:16:12

Health: -2/64      AC: 10    Str: 21    XL:     9   Next: 73%
Magic:  12/12      EV:  8    Int: 12    God:    Qazlal [*.....]
Gold:   311        SH:  1    Dex: 14    Spells: 0 memorised, 8 levels left

rFire  . . .     SeeInvis .       - Unarmed
rCold  . . .     Gourm    .     g - +1 chain mail
rNeg   + . .     Faith    .     (no shield)
rPois  .         Spirit   .     B - +0 helmet
rElec  .         Reflect  .     (no cloak)
rCorr  .         Harm     .     (no gloves)
MR     +....                    (no boots)
Stlth  ..........               m - amulet of rage
                                w - ring of protection from magic
                                o - ring of positive energy

@: mighty, lethally poisoned (-2 -> -38), very slightly contaminated, hasted,
very quick
A: claws 2, hooves 2, rot immunity
a: Renounce Religion, Evoke Berserk Rage


You were on level 6 of the Dungeon.
You worshipped Qazlal.
Qazlal was aware of your devotion.
You were not hungry.

You visited 2 branches of the dungeon, and saw 8 of its levels.

You collected 311 gold pieces.

Inventory:

Missiles
 c - 4 arrows
Armour
 g - a +1 chain mail (worn)
 B - a +0 helmet (worn)
Jewellery
 h - an uncursed amulet of harm
 l - an uncursed ring of stealth
 m - an amulet of rage (around neck)
 o - a ring of positive energy (left claw)
 u - an uncursed amulet of guardian spirit
 w - a ring of protection from magic (right claw)
 x - an uncursed amulet of magic regeneration
Wands
 k - a wand of random effects (24/48)
Scrolls
 a - a scroll of enchant weapon
 d - 2 scrolls of teleportation
 j - 2 scrolls of recharging
 p - 6 scrolls of enchant armour
 q - 7 scrolls of identify
 z - 3 scrolls of remove curse
 F - a scroll of magic mapping
Potions
 b - a potion of cancellation
 v - 2 potions of flight
Books
 e - a Young Poisoner's Handbook

   Spells                             Type                      Level
   a - Sting                          Conjuration/Poison           1
   b - Mephitic Cloud                 Conjuration/Poison/Air       3
   c - Olgreb's Toxic Radiance        Poison                       4
   d - Alistair's Intoxication        Transmutation/Poison         5
   e - Venom Bolt                     Conjuration/Poison           5
Comestibles
 f - 2 bread rations
 n - 4 meat rations
 s - 2 beef jerkies
 t - a slice of pizza


   Skills:
 - Level 3.5 Fighting
   Level 1.7 Bows
 - Level 1.0 Throwing
 - Level 1.0 Armour
 - Level 1.0 Dodging
 - Level 1.0 Stealth
 * Level 11.7 Unarmed Combat
 - Level 4.0 Evocations


You had 8 spell levels left.
You didn't know any spells.

Dungeon Overview and Level Annotations

Branches:
Dungeon (7/15)             Temple (1/1) D:6

Altars:
Ashenzari
Cheibriados
Dithmenos
Elyvilon
Gozag
Hepliaklqana
Kikubaaqudgha
Makhleb
Nemelex Xobeh
Okawaru
Qazlal
Ru
Trog
Uskayaw
Vehumet
Xom
Yredelemnul
Zin
The Shining One

Shops:
D:5 [

Annotations:
D:2 exclusion: 3 gnolls


Innate Abilities, Weirdness & Mutations

You have very sharp fingernails.
You have hoof-like feet.
You are immune to rotting.


Message History

* * * LOW HITPOINT WARNING * * *
You feel sick. The killer bee stings you.
* * * LOW HITPOINT WARNING * * *
You are more poisoned.
The killer bee poisons you!
The killer bee stings you but does no damage.
It was a potion of haste.
You feel yourself speed up.
* * * LOW HITPOINT WARNING * * *
You feel very sick.
The killer bee stings you but does no damage.
The killer bee stings you.
* * * LOW HITPOINT WARNING * * *
You are more poisoned.
The killer bee poisons you!
You are very lightly contaminated with residual magic.
It was a potion of cure mutation.
It has a very clean taste.
Your hands feel fleshier.
You no longer feel cold resistant.
* * * LOW HITPOINT WARNING * * *
You feel sick. The killer bee stings you.
You die...

##### ######## #...#
#......# #...# #......#
#...# #......#
#...##############......#
#...[......@yy..##.>....####
#..)#########...............
#..)# ##...####........##
#...### #..### #......###
#.....####.## ##..####
#####...#..# #..#
###...#########..# #####
#........# #####.######.#
###


You could see 2 killer bees.

Vanquished Creatures
  Pikel (D:4)
  Grinder (D:6)
  Prince Ribbit (D:6)
  Duvessa (D:7)
  An orc warrior (D:6)
  2 ice beasts
  2 phantoms
  A slave (D:5)
  2 ogres
  2 centaurs
  A big kobold (D:7)
  A crocodile (D:7)
  A bullfrog (D:6)
  Blork the orc (D:6)
  A water moccasin skeleton (D:7)
  A scorpion (D:4)
  Dowan (D:7)
  3 wights (D:6)
  A crimson imp (D:7)
  A centaur zombie (D:2)
  A bullfrog zombie (D:5)
  An orc priest (D:6)
  6 hounds
  A bullfrog skeleton (D:5)
  An iguana (D:6)
  15 orc wizards
  3 worker ants
  A hound zombie (D:6)
  10 adders
  A gnoll (D:6)
  3 shadow imps
  An ooze (D:1)
  An adder zombie (D:7)
  2 worms
  A dart slug (D:1)
  5 leopard geckos
  22 orcs
  7 ball pythons
  3 giant cockroaches
  6 hobgoblins
  7 jackals
  12 kobolds
  A quokka (D:3)
  12 bats
  4 frilled lizards
  16 goblins
  A quokka skeleton (D:7)
  5 rats
175 creatures vanquished.

Vanquished Creatures (others)
  2 slaves (D:5)
2 creatures vanquished.

Grand Total: 177 creatures vanquished

Notes
Turn   | Place    | Note
-------+----------+-------------------------------------------
     0 | D:1      | Politician the Demonspawn Wanderer began the quest for the Orb.
     0 | D:1      | Politician set off with: a +2 shortbow, 23 arrows, a +0 mace, a scroll of teleportation, a +0 robe, a bread ration
     0 | D:1      | Reached XP level 1. HP: 18/18 MP: 1/1
   301 | D:1      | Gained mutation: You have large cloven feet. [demonic ancestry]
   301 | D:1      | Reached XP level 2. HP: 15/24 MP: 2/2
   478 | D:1      | Reached skill level 1 in Unarmed Combat
   981 | D:1      | Reached XP level 3. HP: 24/29 MP: 3/3
  1119 | D:1      | Reached skill level 2 in Unarmed Combat
  1460 | D:2      | Gained mutation: You have sharp fingernails. [demonic ancestry]
  1460 | D:2      | Reached XP level 4. HP: 14/35 MP: 4/4
  1915 | D:2      | Reached skill level 3 in Unarmed Combat
  2927 | D:2      | Reached skill level 4 in Unarmed Combat
  2927 | D:2      | Gained mutation: You have very sharp fingernails. [demonic ancestry]
  2927 | D:2      | Reached XP level 5. HP: 13/41 MP: 5/5
  4035 | D:3      | Gained mutation: You have claws for hands. [potion of beneficial mutation]
  4040 | D:3      | Gained mutation: Your flesh is cold resistant. (rC+) [potion of beneficial mutation]
  4049 | D:3      | Reached skill level 5 in Unarmed Combat
  4049 | D:3      | Reached XP level 6. HP: 39/47 MP: 6/6
  4319 | D:3      | HP: 2/47 [something (3)]
  5339 | D:4      | Reached skill level 6 in Unarmed Combat
  5551 | D:5      | Entered Level 5 of the Dungeon
  5646 | D:5      | Found a shattered altar of Ashenzari.
  5851 | D:5      | Found Biyqaipy's Armour Shoppe.
  5894 | D:5      | Gained mutation: You have hoof-like feet. [demonic ancestry]
  5894 | D:5      | Reached XP level 7. HP: 52/52 MP: 8/8
  6015 | D:5      | Noticed Pikel
  6074 | D:4      | Killed Pikel
  6074 | D:4      | Reached skill level 7 in Unarmed Combat
  6074 | D:4      | Gained mutation: You are immune to rotting. [demonic ancestry]
  6074 | D:4      | Reached XP level 8. HP: 26/58 MP: 8/10
  6557 | D:5      | Reached skill level 8 in Unarmed Combat
  6716 | D:6      | Reached skill level 9 in Unarmed Combat
  6905 | D:6      | Noticed Grinder
  6909 | D:6      | Noticed Blork the orc
  6918 | D:6      | Killed Grinder
  6920 | D:6      | Killed Blork the orc
  7034 | D:6      | Reached XP level 9. HP: 57/64 MP: 12/12
  7065 | D:6      | Reached skill level 10 in Unarmed Combat
  7403 | D:6      | Found a staircase to the Ecumenical Temple.
  7440 | Temple   | Entered the Ecumenical Temple
  7481 | Temple   | Became a worshipper of Qazlal Stormbringer
  7512 | D:6      | Noticed Prince Ribbit
  7530 | D:6      | Killed Prince Ribbit
  7848 | D:6      | Reached skill level 11 in Unarmed Combat
  8295 | D:7      | Noticed Duvessa
  8295 | D:7      | Noticed Dowan
  8311 | D:7      | Killed Dowan
  8391 | D:7      | Found a sparkling altar of Nemelex Xobeh.
  8489 | D:7      | Reached * piety under Qazlal
  8513 | D:7      | Found a hazy altar of Hepliaklqana.
  8517 | D:7      | Found a white marble altar of Elyvilon.
  8522 | D:7      | Found a glowing silver altar of Zin.
  8564 | D:7      | Found a bloodstained altar of Trog.
  8693 | D:7      | Killed Duvessa
  8856 | D:6      | Lost mutation: You have claws for hands. [potion of cure mutation]
  8856 | D:6      | Lost mutation: Your flesh is cold resistant. (rC+) [potion of cure mutation]
  8856 | D:6      | HP: 3/64 [poisoned by a killer bee]
  8856 | D:6      | Slain by a killer bee

Skill      XL: |  1  2  3  4  5  6  7  8  9 |
---------------+----------------------------+-----
Unarmed Combat | 1 2 4 5 6 7 9 11 | 11.7
Evocations     | 3 4 |  4.0
Fighting       | |  3.5
Bows           | |  1.7
Throwing       | |  1.0
Armour         | |  1.0
Dodging        | |  1.0
Stealth        | |  1.0

Action                   |  1- 3 |  4- 6 |  7- 9 || total
-------------------------+-------+-------+-------++-------
Melee: Dagger            |       |   230 |     7 ||   237
       Kick              |       |    56 |    71 ||   127
       Punch             |       |     4 |     3 ||     7
       Unarmed           |       |       |   275 ||   275
 Fire: Shortbow          |   104 |    53 |       ||   157
 Abil: Evoke Berserk Rag |       |     1 |     6 ||     7
Evoke: Wand              |       |     5 |       ||     5
  Use: Scroll            |       |     7 |     5 ||    12
       Potion            |       |     9 |     6 ||    15
 Stab: Sleeping          |       |    10 |       ||    10
  Eat: Chunk             |     2 |     7 |     7 ||    16
       Bread ration      |       |     2 |     2 ||     4
Armor: Robe              |    11 |    35 |       ||    46
       Chain mail        |       |    47 |   110 ||   157
Dodge: Dodged            |    34 |   138 |    85 ||   257
